 Dungeon Crawl Stone Soup version 0.29.1-2-gbd0b4ee654 (webtiles) character file.

Game seed: 10644185349440883043

38957 GeoRichter the Brawler (level 14, 0/126 HPs)
             Began as a Ghoul Monk on Nov 13, 2022.
             Was an Elder of Makhleb.
             Slain by a torpor snail (3 damage)
             ... on level 4 of the Lair of Beasts.
             The game lasted 00:42:01 (19677 turns).

GeoRichter the Brawler (Ghoul Monk)                Turns: 19677, Time: 00:42:02

Health: 0/126      AC: 14    Str: 20    XL:     14   Next: 4%
Magic:  0/17       EV: 10    Int:  5    God:    Makhleb [****..]
Gold:   1878       SH: 11    Dex: 17    Spells: 13/13 levels left

rFire   . . .      SeeInvis .     - Unarmed
rCold   + . .      Faith    .   I - +0 kite shield
rNeg    + + +      Spirit   +   j - +0 plate armour
rPois   ∞          Reflect  .   H - +0 helmet
rElec   .          Harm     .   (no cloak)
rCorr   .          Rampage  .   (no gloves)
Will    +....                   (no boots)
Stlth   ..........              u - amulet of guardian spirit
HPRegen 0.00/turn               o - +6 ring of dexterity
MPRegen 0.15/turn               O - +4 ring of evasion

@: inhibited regen, slowed, very slow
A: claws 1, cold resistance 1, negative energy resistance 3, inhibited
regeneration, torment resistance 2, devour on kill
a: Renounce Religion, Minor Destruction, Lesser Servant of Makhleb, Major
Destruction


You were on level 4 of the Lair of Beasts.
You worshipped Makhleb.
Makhleb was greatly pleased with you.
You visited 3 branches of the dungeon, and saw 15 of its levels.
You also visited: Sewer and Ossuary.

You collected 1878 gold pieces.

Inventory:

Missiles
 d - a boomerang (quivered)
 r - 8 curare-tipped darts {!f}
 B - 3 throwing nets {!f}
 N - 2 javelins
Armour
 j - a +0 plate armour (worn)
   (You found it on level 1 of the Dungeon)
 p - a +0 scale mail
   (You found it on level 3 of the Dungeon)
 t - a +0 pair of gloves
   (You found it on level 5 of the Lair of Beasts)
 H - a +0 helmet (worn)
   (You found it on level 6 of the Dungeon)
 I - a +0 kite shield (worn)
   (You found it on level 7 of the Dungeon)
Jewellery
 o - a +6 ring of dexterity (left claw)
   (You found it on level 3 of the Dungeon)
 u - an amulet of guardian spirit (around neck)
   (You found it on level 4 of the Dungeon)
 O - a +4 ring of evasion (right claw)
   (You found it on level 9 of the Dungeon)
Wands
 a - a wand of roots (23)
   (You found it on level 3 of the Dungeon)
 q - a wand of polymorph (4)
   (You found it on level 1 of the Lair of Beasts)
 w - a wand of digging (4)
   (You found it on level 2 of the Lair of Beasts)
 A - a wand of paralysis (8)
   (You took it off an orc on level 6 of the Dungeon)
 K - a wand of mindburst (8)
   (You found it on level 8 of the Dungeon)
 P - a wand of light (6)
   (You found it on level 1 of the Lair of Beasts)
Scrolls
 c - a scroll of summoning
 e - 2 scrolls of noise {!r}
 g - a scroll of teleportation {@r4}
 i - a scroll of vulnerability {!r}
 k - a scroll of fog
 l - 2 scrolls of enchant armour
 m - 4 scrolls of immolation {!r}
 s - 5 scrolls of enchant weapon
 v - a scroll of amnesia
 x - 2 scrolls of torment
 y - 3 scrolls of magic mapping
 C - 2 scrolls of poison
 Q - a scroll of brand weapon
Potions
 b - 3 potions of ambrosia
 f - 7 potions of curing {@q1}
 h - a potion of heal wounds {@q2}
 z - a potion of cancellation {unknown}
 D - 2 potions of flight {unknown}
 E - a potion of might {unknown}
 F - 2 potions of resistance
 G - a potion of brilliance
 J - 2 potions of magic {unknown}
 L - a potion of berserk rage {unknown}
 M - 6 potions of attraction {!q}


   Skills:
 + Level 12.3 Fighting
 + Level 5.0 Throwing
 + Level 7.3 Armour
 + Level 3.5 Dodging
 - Level 2.1 Stealth
 + Level 7.2 Shields
 * Level 16.7 Unarmed Combat
 + Level 6.0 Invocations
 - Level 5.0 Evocations


You had 13 spell levels left.
You didn't know any spells.
Your spell library contained the following spells:

 Spells                   Type           Power      Damage    Failure   Level
 Shock                    Conj/Air       0%         1d3       100%        1
 Static Discharge         Conj/Air       0%         3-3/arc   100%        2
 Frozen Ramparts          Ice            0%         1d1       100%        3
 Ignite Poison            Fire/Tmut/Pois 0%         N/A       100%        3
 Mephitic Cloud           Conj/Pois/Air  0%         N/A       100%        3
 Swiftness                Air            0%         N/A       100%        3
 Airstrike                Air            0%         2d(0-16)  100%        4
 Corpse Rot               Necr/Pois/Air  0%         N/A       100%        4
 Dispel Undead            Necr           0%         3d6       100%        4
 Sticky Flame             Conj/Fire      0%         2d3       100%        4
 Summon Ice Beast         Ice/Summ       0%         N/A       100%        4
 Freezing Cloud           Conj/Ice/Air   0%         6-21      100%        5
 Iskenderun's Battlesphe  Conj           0%         2d6       100%        5
 Death Channel            Necr           0%         N/A       100%        6
 Iron Shot                Conj/Erth      0%         9d1       100%        6
 Spellforged Servitor     Conj/Summ      0%         N/A       100%        7
 Ice Form                 Ice/Tmut       Unusable   N/A       N/A         4

Dungeon Overview and Level Annotations

Branches:
Dungeon (9/15) Zot: 24240  Temple (1/1) D:7 Zot: 5918    Lair (5/5) D:9 Zot: 22154
 Shoals (0/4) Lair:3       Spider (0/4) Lair:3        Slime (0/5) Lair:4
  Sewer (visited)         Ossuary (visited)
    Orc: D:9-12

Altars:
Ashenzari
Cheibriados
Dithmenos
Fedhas
Gozag
Hepliaklqana
Makhleb
Nemelex Xobeh
Okawaru
Qazlal
Ru
Sif Muna
Uskayaw
Vehumet
Wu Jian
Xom
Yredelemnul
Jiyva

Annotations:
D:2 Sigmund
D:5 1 runed translucent door, Crazy Yiuf
D:9 1 runed translucent door
Lair:2 3 runed translucent doors, jonaskbp's ghost, journeyman DjSu


Innate Abilities, Weirdness & Mutations

You are immune to poison.
You have sharp fingernails.
Your flesh is cold resistant. (rC+)
You are immune to negative energy. (rN+++)
You do not regenerate when monsters are visible.
You are immune to unholy pain and torment.
You thrive by killing the living.


Message History

The sea snake poisons your five-headed hydra!
You block the cane toad's attack.
Your five-headed hydra bites the white imp but does no damage.
Your five-headed hydra bites the white imp!
The white imp dies!
Makhleb accepts your kill.
Your five-headed hydra bites the ice beast! x2
The ice beast dies!
Makhleb accepts your kill.
Your five-headed hydra bites the snapping turtle.
The snapping turtle closely misses you.
Unknown command.
Unknown command.
You block the cane toad's attack.
The sea snake bites your five-headed hydra!
The snapping turtle closely misses you. You block the yak's attack.
The ice beast hits your five-headed hydra.
The ice beast freezes your five-headed hydra.
Your five-headed hydra seems to slow down.
The komodo dragon bites you but does no damage.
The sea snake bites your five-headed hydra!!
Your five-headed hydra dies!
Your five-headed hydra's corpse dissolves into shadows!
The cane toad stings you but does no damage.
The torpor snail misses you.
You climb upwards.
There is a stone staircase leading down here.
The torpor snail attacks as you move away!
The torpor snail bites you.
* * * LOW HITPOINT WARNING * * *
You block the cane toad's attack. You block the snapping turtle's attack.
The snapping turtle bites you!
* * * LOW HITPOINT WARNING * * *
The yak gores you but does no damage. The cane toad stings you!
* * * LOW HITPOINT WARNING * * *
Okay, then.
You feel much better. You block the cane toad's attack.
You block the snapping turtle's attack. The yak gores you but does no damage.
The torpor snail bites you!
* * * LOW HITPOINT WARNING * * *
Okay, then.
Okay, then.
As you read the scroll of summoning, it crumbles to dust.
Wisps of shadow whirl around you... You block the cane toad's attack.
You block the yak's attack.
The snapping turtle bites you but does no damage.
The cane toad stings you!
* * * LOW HITPOINT WARNING * * *
The torpor snail bites you.
You die...

....'...#P..[..# #........# #
....#######...## ##.......#
.###.# ##.## ##.#.#### ...### #.#
#....## P.P## ##.# ##....## #
....# #..# #####.#..###### ..(.##
###..######.........#....
.....####......wtY+.........##...
....##.#P.#....F@FhYY.......##...
....#.....##(.#Y###Yh.......'..P.
....#.....#..#k####.<.......###..
.†..'.#####..### #..........# #..
....### ##.# ##.........# #..
.#### #.# #.........# #.. .#
######.# ##.###+.### ##. .##
#..8..## ####...# #. ..# #.....#
##...# ##


You could see a snapping turtle (ally target), a torpor snail (ally target), a
yak (ally target), a cane toad, 4 friendly yaks, a friendly blink frog
(summoned), a friendly rime drake (summoned) and 2 friendly wolves.

Vanquished Creatures
  Harold (D:9)
  Erolcha (D:8)
  5 hydras
  A boulder beetle (Lair:3)
  A two-headed ogre (D:8)
  Sonja (Lair:3)
  4 elephants (Lair:3)
  5 black mambas
  10 cane toads
  4 rime drakes
  An orange demon (Lair:3)
  8 komodo dragons
  2 trolls
  A polar bear (Lair:5)
  Prince Ribbit (D:6)
  3 blink frogs (Lair:2)
  3 dream sheep
  34 yaks
  Eustachio (D:5)
  A steam dragon (D:7)
  Grum (D:8)
  4 wyverns
  5 basilisks
  An acid dragon (D:9)
  11 water moccasins
  3 black bears
  4 ice beasts
  2 orc warriors (D:6)
  A sky beast (D:7)
  2 ogres (D:5)
  58 wolves
  6 centaurs
  A phantom (D:5)
  12 bullfrogs
  A gnoll sergeant (D:9)
  8 scorpions
  3 wights (D:9)
  10 killer bees
  5 howler monkeys
  3 electric eels (D:9)
  6 hounds
  4 orc priests
  A gnoll bouda (D:4)
  3 jellies
  An iron imp (D:7)
  2 iguanas (D:6)
  Natasha (thrice) (D:2)
  9 hell rats
  6 orc wizards
  8 mummies (Ossuary)
  8 gnolls
  6 adders
  3 river rats (Sewer)
  3 white imps
  2 ufetubi (D:5)
  3 worms
  19 orcs
  5 bats
  3 endoplasms
  11 giant cockroaches
  4 goblins (D:3)
  9 hobgoblins
  11 jackals
  7 quokkas
  8 ball pythons
  3 frilled lizards
  3 hobgoblin zombies (Ossuary)
  8 kobolds
  4 kobold zombies (Ossuary)
  An orc zombie (Ossuary)
  9 rats
402 creatures vanquished.

Vanquished Creatures (collateral kills)
  4 hydras
  Amaemon (Lair:3)
  A harpy (Lair:5)
  A black mamba (Lair:5)
  A yak (Lair:5)
  2 basilisks (Lair:2)
  A water moccasin (Lair:2)
  An ice beast (Lair:5)
  A scorpion (Lair:3)
  2 hell rats (Lair:2)
  A white imp (Lair:5)
16 creatures vanquished.

Vanquished Creatures (others)
  63 fungi
  126 plants
189 creatures vanquished.

Grand Total: 607 creatures vanquished

Notes
Turn   | Place    | Note
-------+----------+-------------------------------------------
     0 | D:1      | GeoRichter the Ghoul Monk began the quest for the Orb.
     0 | D:1      | Reached XP level 1. HP: 19/19 MP: 0/0
   253 | D:1      | Reached XP level 2. HP: 26/26 MP: 1/1
   480 | D:1      | Reached skill level 4 in Unarmed Combat
   907 | D:2      | Reached XP level 3. HP: 33/33 MP: 2/2
  1212 | D:2      | Noticed Natasha
  1224 | D:2      | Killed Natasha
  1225 | D:2      | Reached XP level 4. HP: 26/40 MP: 3/3
  1238 | D:2      | Noticed Natasha
  1338 | D:2      | Killed Natasha
  1339 | D:2      | Reached skill level 5 in Unarmed Combat
  1448 | D:2      | Noticed Sigmund
  1677 | D:2      | Noticed Natasha
  1685 | D:2      | Killed Natasha
  1686 | D:2      | Reached XP level 5. HP: 39/47 MP: 4/4
  2282 | D:3      | Found a faded altar of an unknown god.
  2482 | D:3      | Identified the +1 dagger "Saumac" {vorpal, rCorr Int+3}
  3282 | D:4      | Reached skill level 6 in Unarmed Combat
  3474 | D:5      | Entered Level 5 of the Dungeon
  3500 | D:5      | Reached XP level 6. HP: 55/55 MP: 5/5
  3540 | D:5      | Found an ornate altar of the Wu Jian Council.
  3551 | D:5      | Reached skill level 5 in Fighting
  3704 | D:5      | Found a glowing drain.
  3709 | Sewer    | Entered a sewer
  3994 | D:5      | Noticed Eustachio
  4070 | D:4      | Reached skill level 7 in Unarmed Combat
  4267 | D:4      | Reached XP level 7. HP: 44/61 MP: 3/6
  4762 | D:5      | Found a sacrificial altar of Ru.
  5008 | D:5      | Reached skill level 8 in Unarmed Combat
  5213 | D:5      | Found a runed translucent door.
  5214 | D:5      | Noticed Crazy Yiuf
  5352 | D:5      | Killed Eustachio
  5353 | D:5      | Reached XP level 8. HP: 62/71 MP: 7/7
  5598 | D:5      | Reached skill level 9 in Unarmed Combat
  5719 | D:5      | Found a stormy altar of Qazlal.
  5962 | D:6      | Noticed Prince Ribbit
  5970 | D:6      | Killed Prince Ribbit
  6094 | D:6      | Found a hazy altar of Hepliaklqana.
  6172 | D:6      | Reached skill level 10 in Unarmed Combat
  6432 | D:6      | Found an opulent altar of Gozag.
  6806 | D:6      | Reached XP level 9. HP: 60/80 MP: 5/8
  7050 | D:7      | Reached skill level 11 in Unarmed Combat
  7132 | D:7      | Found a staircase to the Ecumenical Temple.
  7317 | D:7      | Found a radiant altar of Vehumet.
  7425 | D:7      | Noticed a troll
  7435 | Temple   | Entered the Ecumenical Temple
  7520 | D:7      | Killed a troll
  7647 | D:7      | Found a snail-covered altar of Cheibriados.
  7901 | D:8      | Found a sand-covered staircase.
  7909 | Ossuary  | Entered an ossuary
  8383 | D:8      | Noticed a two-headed ogre
  8390 | D:8      | Killed a two-headed ogre
  8391 | D:8      | Reached skill level 1 in Armour
  8391 | D:8      | Reached skill level 1 in Shields
  8391 | D:8      | Reached skill level 12 in Unarmed Combat
  8391 | D:8      | Reached XP level 10. HP: 63/91 MP: 5/9
  8787 | D:8      | Found a shadowy altar of Dithmenos.
  9017 | D:9      | Noticed Erolcha
  9068 | D:9      | Noticed Grum
  9088 | D:8      | Killed Grum
  9352 | D:9      | Noticed Harold
  9636 | D:8      | Killed Erolcha
  9637 | D:8      | Reached skill level 13 in Unarmed Combat
  9822 | D:9      | Noticed a green ugly thing
  9823 | D:9      | Found a runed translucent door.
 10058 | D:9      | Killed Harold
 10059 | D:9      | Reached skill level 1 in Evocations
 10071 | D:9      | Reached skill level 10 in Fighting
 10076 | D:9      | Reached XP level 11. HP: 69/99 MP: 7/10
 10487 | D:9      | Found a shimmering blue altar of Sif Muna.
 10658 | D:9      | Found a burning altar of Makhleb.
 10658 | D:9      | Noticed a blizzard demon
 10663 | D:9      | Became a worshipper of Makhleb the Destroyer
 10663 | D:9      | Reached * piety under Makhleb
 10663 | D:9      | Reached ** piety under Makhleb
 10816 | D:9      | Found a blossoming altar of Fedhas.
 10819 | D:9      | Found a broken altar of Ashenzari.
 10869 | D:9      | Found a staircase to the Lair.
 11273 | Lair:1   | Entered Level 1 of the Lair of Beasts
 11480 | Lair:1   | Noticed a seven-headed hydra
 11823 | D:9      | Killed a seven-headed hydra
 11824 | D:9      | Reached skill level 14 in Unarmed Combat
 12950 | Lair:2   | Reached skill level 5 in Armour
 13216 | Lair:2   | Found a runed translucent gate.
 13216 | Lair:2   | Found a runed translucent gate.
 13216 | Lair:2   | Found a runed translucent gate.
 13219 | Lair:2   | Noticed jonaskbp's ghost (journeyman DjSu)
 13219 | Lair:2   | Noticed a ten-headed hydra
 13220 | Lair:2   | Noticed a 12-headed hydra
 13246 | Lair:2   | Reached skill level 5 in Evocations
 13248 | Lair:2   | Reached skill level 5 in Shields
 13293 | Lair:2   | Reached XP level 12. HP: 75/108 MP: 7/11
 13424 | Lair:2   | Reached skill level 1 in Invocations
 13460 | Lair:2   | Noticed an eight-headed hydra
 13486 | Lair:2   | Reached *** piety under Makhleb
 13875 | Lair:2   | Killed an eight-headed hydra
 13876 | Lair:2   | Reached skill level 1 in Throwing
 13893 | Lair:2   | Noticed a six-headed hydra
 13901 | Lair:2   | Killed a six-headed hydra
 13903 | Lair:2   | Noticed an eight-headed hydra
 13915 | Lair:2   | HP: 4/108 [eight-headed hydra (10)]
 13927 | Lair:2   | Killed an eight-headed hydra
 14746 | Lair:3   | Reached skill level 15 in Unarmed Combat
 14799 | Lair:3   | Found an ornate altar of the Wu Jian Council.
 14801 | Lair:3   | Found a hide-covered altar of Uskayaw.
 14801 | Lair:3   | Noticed a boulder beetle
 14848 | Lair:3   | Killed a boulder beetle
 15462 | Lair:3   | Noticed Amaemon
 15521 | Lair:3   | Killed Amaemon
 16017 | Lair:3   | Reached **** piety under Makhleb
 16057 | Lair:3   | Found a hole to the Spider Nest.
 16116 | Lair:3   | Reached XP level 13. HP: 116/116 MP: 13/15
 16249 | Lair:3   | Found a staircase to the Shoals.
 16358 | Lair:3   | Noticed Sonja
 16363 | Lair:3   | Killed Sonja
 16760 | Lair:4   | Reached skill level 16 in Unarmed Combat
 16839 | Lair:4   | Reached skill level 5 in Invocations
 17107 | Lair:4   | Found a staircase to the Slime Pits.
 17142 | Lair:4   | Found a viscous altar of Jiyva.
 17522 | Lair:4   | Identified a scroll of acquirement
 17523 | Lair:4   | Acquired 933 gold pieces
 17726 | Lair:5   | Entered Level 5 of the Lair of Beasts
 18007 | Lair:5   | Reached ***** piety under Makhleb
 19667 | Lair:5   | Reached skill level 5 in Throwing
 19667 | Lair:5   | Reached XP level 14. HP: 55/126 MP: 10/17
 19677 | Lair:4   | HP: 3/126 [cane toad (15)]
 19677 | Lair:4   | Slain by a torpor snail

Illustrated notes

Levels and vault maps discovered:
D:1:      wander_arrival_lonely_grave, layout_basic
D:2:      layout_loops_ring, kennysheep_nub, uniq_natasha, uniq_sigmund
D:3:      layout_basic, basic_ecumenical_altar, minmay_pentangle
D:4:      layout_loops_ring, tso_metal_star
D:5:      minmay_spotlight, layout_basic, lemuel_doored_altar,
          kennysheep_mini_moat, mainiacjoe_overflow_brackets,
          portal_sewer_entry_e, uniq_eustachio, uniq_crazy_yiuf_cottage
D:6:      layout_gridville, mainiacjoe_overflow_paths,
          nicolae_hepliaklqana_hippocampus, uniq_prince_ribbit1
D:7:      layout_cave_pools, slow_altar_2, vehumet_crystals,
          minmay_temple_entry_proselytizer
D:8:      layout_loops_cross, nicolae_dithmenos_shadow_blocks, enter_ossuary_2
D:9:      layout_irregular_city, nicolae_overflow_squiral,
          nicolae_sif_muna_condensation, makhleb_altar_promises_db,
          due_lair_maze_entry_diamond, minmay_st_funbox, uniq_harold, uniq_grum,
          uniq_erolcha
Temple:   nicolae_temple_great_sept
Lair:1:   layout_loops_ring, serial_bayou_shore_a
Lair:2:   layout_long_grid, gammafunk_ghost_hydra_chop, st_stairs_4,
          grunt_megastairs_1
Lair:3:   layout_gridlike, minmay_shoals_entry_centaurs,
          nicolae_spider_entry_non_spiders, nzn_masters_of_martial_movement,
          lemuel_fruit_fields, infiniplex_staircase_pool_2, uniq_amaemon,
          uniq_sonja
Lair:4:   layout_roguey, slime_entry_1, grunt_forest_large_clearings,
          grunt_megastairs_2
Lair:5:   gammafunk_lair_ancient_temple, layout_gridlike, fungi_pond_lemuel,
          ice2_lemuel, infiniplex_staircase_pool

Skill      XL: |  1  2  3  4  5  6  7  8  9 10 11 12 13 |
---------------+----------------------------------------+-----
Unarmed Combat | 4 5 6 7 8 10 12 13 14 15 16 | 16.7
Fighting       | 4 5 6 7 9 10 11 12 | 12.3
Armour         | 1 3 5 6 7 |  7.3
Shields        | 1 3 5 6 7 |  7.2
Evocations     | 2 5 |  5.0
Invocations    | 4 6 |  6.0
Throwing       | 3 5 |  5.0
Dodging        | 3 |  3.5
Stealth        | |  2.1

Action                   |  1- 3 |  4- 6 |  7- 9 | 10-12 | 13-15 || total
-------------------------+-------+-------+-------+-------+-------++-------
Melee: Unarmed           |   107 |   245 |   282 |   607 |   383 ||  1624
       Punch             |     5 |     7 |    17 |       |       ||    29
Throw: Dart              |       |     3 |     2 |     4 |       ||     9
       Boomerang         |       |       |    11 |    10 |    11 ||    32
Invok: Lesser Servant of |       |       |       |     2 |     2 ||     4
Evoke: Wand              |       |       |       |    14 |     2 ||    16
  Use: Scroll            |       |     9 |     5 |    13 |     7 ||    34
       Potion            |       |     1 |       |    11 |     2 ||    14
 Stab: Sleeping          |     2 |     1 |       |       |       ||     3
       Paralysed         |       |       |       |     2 |       ||     2
       Petrified         |       |       |       |     2 |       ||     2
       Invisible         |       |       |       |     1 |       ||     1
Armor: Robe              |    22 |     6 |       |       |       ||    28
       Scale mail        |       |    82 |     5 |       |       ||    87
       Ring mail         |       |     6 |       |       |       ||     6
       Plate armour      |       |       |   165 |   327 |   176 ||   668
Dodge: Dodged            |    55 |   125 |    85 |   240 |   148 ||   653
Block: Kite shield       |       |       |     3 |   370 |   261 ||   634
